Map: Port Aleksander LE

Players

Alexx - Winner!

  • Race: Zerg Zerg
  • League: Platinum
  • Spawn Location: 5:00

Zalltor

  • Race: Protoss Protoss
  • Spawn Location: 11:00

VOD

Have the link to the VOD?

Description

Time

  • Played on: March 21, 2019, 10:44 p.m.
  • Length: 22:40
Show
View Real Time Build Order
Export as new Build Order

Alexx Zerg - Winner!

Build Orders: Pool First, Lurkers 

Get SALT Encoding   

  12  0:01  Drone  
  13  0:11  Drone  
  14  0:26  Spawning Pool  
  13  0:44  Drone  
  13  0:45  Overlord  
  14  1:13  Zergling x6  
  17  1:20  Extractor  
  17  1:21  Queen  
  18  1:34  Hatchery  
  18  1:38  Zergling x2  
  18  1:39  Zergling x2  
  19  1:57  Drone x2  
  21  2:33  Drone  
  21  2:34  Overlord x2  
  21  3:03  Drone x4  
  21  3:04  Drone  
  26  3:22  Drone x2  
  26  3:23  Drone  
  29  3:40  Zergling x6  
  30  3:59  Roach Warren, Drone  
  30  4:00  Drone x3  
  33  4:07  Metabolic Boost  
  33  4:12  Lair  
  33  4:15  Drone x2, Queen  
  37  4:17  Overlord  
  37  4:27  Extractor  
  37  4:31  Drone x5  
  40  5:01  Drone x4  
  40  5:02  Drone x4  
  40  5:05  Extractor  
  47  5:16  Roach x2  
  51  5:50  Overlord x2  
  51  5:51  Overlord  
  51  5:54  Glial Reconstitution  
  51  6:08  Hatchery  
  50  6:31  Roach  
  50  6:32  Roach x6  
  66  6:33  Roach x6  
  76  6:42  Overlord  
  76  6:43  Overlord x2  
  76  6:56  Hatchery  
  76  6:58  Hydralisk Den  
  74  7:17  Queen  
  76  7:29  Hydralisk x2  
  76  7:30  Hydralisk x6, Extractor  
  76  7:31  Hydralisk x3  
  76  7:34  Zergling x4  
  99  7:53  Muscular Augments  
  94  9:06  Hydralisk x6  
  94  9:07  Hydralisk x3  
  112  9:16  Overlord x6  
  112  9:17  Overlord x3  
  112  9:22  Grooved Spines  
  112  9:34  Queen  
  114  10:01  Drone x2  
  114  10:02  Drone  
  117  10:13  Queen  
  119  10:16  Overlord x2  
  119  10:18  Hydralisk x7  
  119  10:19  Hydralisk x7  
  119  10:20  Hydralisk x3  
  153  10:26  Lurker Den  
  152  10:32  Infestation Pit  
  151  10:48  Drone x3  
  151  10:49  Drone  
  155  11:00  Hatchery  
  154  11:51  Extractor, Spine Crawler  
  154  11:52  Extractor  
  151  12:14  Hive  
  151  12:20  Lurker x5  
  151  12:21  Lurker x2  
  158  12:25  Hydralisk x4, Roach x3  
  158  12:26  Hydralisk, Roach  
  176  12:40  Drone x5  
  181  12:57  Evolution Chamber  
  181  12:58  Evolution Chamber  
  179  13:00  Evolution Chamber  
  178  13:42  Zerg Melee Weapons Level 1  
  178  13:43  Zerg Ground Armor Level 1, Zerg Missile Weapons Level 1  
  178  13:53  Ultralisk Cavern  
  177  14:37  Overseer  
  177  14:40  Adaptive Talons  
  177  14:50  Chitinous Plating  
  177  14:57  Drone x4  
  177  14:58  Drone  
  182  15:37  Spire  
  181  15:45  Zerg Melee Weapons Level 2  
  181  15:46  Zerg Missile Weapons Level 2, Zerg Ground Armor Level 2  
  181  16:03  Drone x6  
  187  16:05  Drone x2  
  187  16:07  Drone  
  187  16:09  Anabolic Synthesis  
  187  16:10  Infestor x2  
  194  16:11  Infestor  
  196  16:33  Pathogen Glands  
  196  16:46  Extractor  
  195  16:47  Extractor  
  195  16:50  Spine Crawler x2  
  195  16:51  Drone x3  
  195  16:52  Drone  
  196  16:54  Drone x3  
  196  16:55  Drone  
  196  16:59  Greater Spire  
  200  18:23  Zerg Missile Weapons Level 3, Zerg Melee Weapons Level 3, Zerg Ground Armor Level 3  
  130  18:53  Ultralisk x7  
  130  18:54  Ultralisk x2  
  136  18:57  Zergling x12  
  136  18:58  Roach x3, Zergling x2  
  136  18:59  Roach x3, Hydralisk x5  
  165  19:48  Ultralisk x2  
  165  19:49  Ultralisk x3  
  165  19:50  Zergling x2  
  165  19:51  Zergling x4  
  198  20:32  Hatchery  
  197  20:37  Overlord x2  
  197  20:40  Overlord  
  197  21:14  Zergling x6  
  197  21:15  Zergling x2  
Show
View Real Time Build Order
Export as new Build Order

Zalltor Protoss 

Build Orders:  

Get SALT Encoding   

  1  0:00  Probe  
  13  0:19  Pylon  
  13  0:24  Probe  
  14  0:35  Assimilator  
  14  0:36  Probe  
  15  0:51  Probe  
  15  0:52  Assimilator  
  16  1:02  Gateway  
  16  1:03  Probe  
  17  1:21  Pylon  
  17  1:31  Forge  
  17  1:48  Nexus  
  17  1:53  Probe  
  18  1:59  Zealot  
  18  2:00  Protoss Ground Weapons Level 1  
  20  2:18  Zealot  
  13  2:45  Zealot  
  15  3:06  Zealot  
  15  3:08  Cybernetics Core  
  15  3:09  Probe  
  16  3:47  Adept  
  14  4:04  Robotics Facility  
  14  4:14  Adept  
  14  4:16  Robotics Facility  
  14  4:21  Probe  
  17  4:37  Zealot  
  17  4:50  Probe  
  16  4:59  Probe  
  17  5:02  Probe  
  18  5:11  Probe  
  17  5:21  Probe  
  16  5:30  Probe  
  17  5:38  Probe  
  17  5:49  Probe  
  16  5:53  Immortal  
  21  6:01  Probe  
  22  6:14  Probe  
  23  6:45  Pylon  
  23  6:48  Pylon  
  23  7:03  Probe, Immortal  
  28  7:11  Probe  
  29  7:19  Probe  
  29  7:29  Probe  
  31  7:42  Nexus  
  31  7:56  Probe  
  31  8:04  Probe  
  33  8:13  Probe  
  34  8:21  Probe  
  35  8:29  Probe  
  36  8:37  Pylon  
  36  8:40  Probe  
  37  8:45  Robotics Bay  
  37  8:52  Probe  
  30  9:10  Probe  
  30  9:16  Immortal  
  35  9:21  Probe  
  35  9:22  Probe  
  37  9:34  Probe  
  37  9:36  Colossus  
  44  9:39  Probe  
  44  9:43  Probe  
  45  9:51  Probe  
  47  10:01  Probe  
  47  10:02  Colossus  
  54  10:11  Extended Thermal Lance  
  54  10:30  Twilight Council  
  54  11:00  Pylon  
  54  11:02  Pylon  
  54  11:17  Colossus, Assimilator  
  54  11:18  Probe  
  61  11:19  Assimilator  
  61  11:24  Protoss Ground Weapons Level 2  
  61  11:30  Probe  
  62  11:42  Probe  
  63  12:05  Templar Archives  
  63  12:18  Colossus  
  69  12:34  Pylon x2  
  69  12:36  Pylon x2  
  69  12:37  Pylon  
  69  12:57  Colossus  
  75  13:11  Colossus  
  81  13:30  Probe  
  81  13:31  Gateway  
  81  13:33  Gateway  
  81  13:34  Gateway  
  82  13:36  Gateway  
  82  13:38  Probe  
  82  13:39  Gateway  
  83  13:48  Probe  
  83  13:52  Warp Gate  
  84  14:00  Probe, Pylon  
  85  14:02  Pylon  
  85  14:07  High Templar  
  85  14:08  Colossus x2  
  97  14:12  Probe  
  100  14:42  High Templar  
  102  14:58  Shield Battery  
  102  15:00  Shield Battery  
  102  15:04  Pylon  
  102  15:06  Protoss Ground Weapons Level 3  
  102  15:14  Immortal  
  102  15:15  Immortal  
  110  15:40  High Templar  
  112  15:47  High Templar  
  112  15:48  High Templar  
  116  15:54  Archon  
  116  15:59  Probe  
  117  16:11  Probe  
  118  16:18  Gateway  
  118  16:23  Probe  
  119  16:33  Archon  
  119  16:42  Colossus  
  119  16:43  Colossus  
  131  16:50  High Templar  
  133  17:16  Pylon  
  133  17:17  Pylon  
  133  17:19  Pylon  
  133  17:21  Pylon  
  133  17:22  Pylon  
  133  17:28  Archon  
  133  17:37  High Templar x3  
  133  17:38  High Templar  
  133  17:43  Archon x2  
  141  17:49  Protoss Ground Armor Level 1  
  141  17:52  High Templar  
  143  18:16  High Templar  
  113  18:54  Colossus x2  
  57  19:20  High Templar x2  
  61  19:24  Zealot  
  61  19:25  Zealot  
  61  19:26  Zealot  
  61  19:27  Zealot x2  
  61  19:29  Archon  
  71  19:43  Immortal  
  71  19:44  Colossus  
  81  20:00  High Templar  
  83  20:10  Pylon  
  83  20:17  Colossus  
  89  20:47  High Templar  
  50  21:37  High Templar  
  50  21:59  High Templar  
Tags
 
Composition
Lurkers
League
Platinum
Matchup
PvZ
Opening
Pool First
Spawn Locations
Cross Positions
Add a new tag
Caveats
  • Supply blocks, unpowered buildings, or Contaminate may cause inaccurate times.
  • Supply counts are checked every 10 seconds.